 Dungeon Crawl Stone Soup version 0.32-a0-886-g41c5271027 (webtiles) character file.

Game seed: 9788191840327016742

130 Leszczynek the Trooper (level 5, -2/55 HPs)
             Began as an Oni Warper on Apr 3, 2024.
             Slain by an orc wizard
             ... wielding a +0 dagger
              (4 damage)
             ... on level 4 of the Dungeon.
             The game lasted 00:10:16 (1388 turns).

Leszczynek the Trooper (Oni Warper)                 Turns: 1388, Time: 00:10:16

Health: -2/55      AC:  3    Str: 15 (18) XL:     5   Next: 13%
Magic:  8/8        EV:  8    Int: 14 (17) God:
Gold:   129        SH:  0    Dex:  5 (8)  Spells: 3/8 levels left

rFire   . . .        s - +0 morningstar
rCold   . . .        (no shield)
rNeg    . . .        b - +0 robe
rPois   .            (helmet restricted)
rElec   .            (no cloak)
rCorr   .            (gloves unavailable)
SInv    .            (boots unavailable)
Will    +....        (no amulet)
Stlth   +            (no ring)
HPRegen 0.29/turn    (no ring)
MPRegen 0.11/turn

%: no passive effects
@: attractive
A: large, unfitting armour, horns 1, tough skin 1, double potion healing,
drunken brawling, clever 1, strong-willed 1, strong 1, wild magic 1
a: no special abilities


You were on level 4 of the Dungeon.
You visited 1 branch of the dungeon, and saw 4 of its levels.

You collected 129 gold pieces.

Inventory:

Hand Weapons
 a - a +0 mace
 o - a +0 flail
 s - a +0 morningstar (weapon)
Missiles
 d - 7 darts of dispersal (quivered)
 f - 4 poisoned darts
Armour
 b - a +0 robe (worn)
Jewellery
 e - a ring of ice
Scrolls
 c - a scroll of blinking
 h - a scroll of identify {unknown}
 i - a scroll of noise {unknown}
 j - a scroll of enchant weapon {unknown}
 k - a scroll of fear {unknown}
 l - a scroll of fog {unknown}
 n - a scroll of poison {unknown}
 q - a scroll of vulnerability {unknown}
Potions
 g - a potion of enlightenment
 m - a potion of mutation {!q}


   Skills:
 + Level 4.5 Fighting
 * Level 4.3 Maces & Flails
 - Level 1.0 Throwing
 - Level 2.1 Dodging
 - Level 2.4 Spellcasting
 - Level 2.6 Translocations


You had 3 spell levels left.
You knew the following spells:

 Your Spells              Type           Power      Damage    Failure   Level
a - Stone Arrow           Conj/Erth      4%         3d7       65%         3
B - Blink                 Tloc           22%        N/A       17%         2

Your spell library contained the following spells:

 Spells                   Type           Power      Damage    Failure   Level
 Lesser Beckoning         Tloc           22%        N/A       17%         2
 Maxwell's Portable Pile  Tloc           11%        2d(6-16)  30%         3
 Teleport Other           Tloc           11%        N/A       30%         3
 Vhi's Electric Charge    Tloc/Air       14%        N/A       85%         4
 Animate Armour           Summ/Erth      4%         N/A       95%         4
 Dispersal                Tloc           5%         N/A       100%        6
 Gell's Gavotte           Tloc           5%         2d(13-20) 100%        6
 Lehudib's Crystal Spear  Conj/Erth      1%         10d2      100%        8


Dungeon Overview and Level Annotations

Branches:
Dungeon (4/15)
 Temple: D:4-7

Altars:

Annotations:
D:3 3 runed translucent doors, Sigmund; Tanttac's ghost, amateur MfGl


Innate Abilities, Weirdness & Mutations

You are too large for most types of armour.
You have a pair of small horns on your head.
You have tough skin. (AC +1)
You gain doubled healing and magic from potions.
Whenever you drink a healing potion, you attack all around you.
Your mind is acute. (Int +4, Str/Dex -1)
You are strong-willed. (Will+)
Your muscles are strong. (Str +4, Int/Dex -1)
Your spells are a little harder to cast, but a little more powerful.


Message History

The orc wizard casts a spell.
The orc wizard flickers and vanishes!
Deactivating autopickup; reactivate with Ctrl-A.
You barely miss something. Your headbutt misses something.
Something hits you. x2
You barely miss something. Your headbutt misses something. Something hits you.
You barely miss something.
You hear some strange, mumbled words.
A magic dart appears from out of thin air!
The magic dart hits you!
* * * LOW HITPOINT WARNING * * *
You miss something. Your headbutt misses something.
Something hits you but does no damage. Something hits you.
* * * LOW HITPOINT WARNING * * *
You hit something but do no damage. Your headbutt misses something.
Something hits you.
* * * LOW HITPOINT WARNING * * *
You miss something. Something hits you.
* * * LOW HITPOINT WARNING * * *
Unknown command.
You miss something. Your headbutt misses something.
The orc completely misses you.
You hear some strange, mumbled words.
A puff of flame appears from out of thin air!
The puff of flame hits you!
* * * LOW HITPOINT WARNING * * *
You barely miss something. The orc barely misses you.
You hear some strange, mumbled words.
Something tries to affect you, but you resist.
The orc misses you. Something hits you.
* * * LOW HITPOINT WARNING * * *
It was a potion of attraction.
You feel attractive to monsters. The orc barely misses you. Something hits you.
* * * LOW HITPOINT WARNING * * *
Unknown command.
It was a potion of degeneration.
There was something very wrong with that liquid.
You feel weakened.
You feel dopey.
You feel clumsy. The orc barely misses you. Something hits you.
You die...

# .# ####. ...
#.# ####.##
#...).######
.....##.#..†o@{##
...
..!######..#####
# #g.>. ##<....#
...##g #######
#.## .. #. ## #


You could see an orc.

Vanquished Creatures
  An iguana (D:4)
  3 adders
  A dart slug (D:1)
  4 orcs
  5 ball pythons
  8 endoplasms
  A giant cockroach (D:3)
  5 goblins
  5 hobgoblins
  4 quokkas
  2 bats
  A frilled lizard (D:3)
  5 kobolds
  3 rats
48 creatures vanquished.

Vanquished Creatures (others)
  An orc wizard (D:3)
1 creature vanquished.

Grand Total: 49 creatures vanquished

Notes
Turn   | Place    | Note
-------+----------+-------------------------------------------
     0 | D:1      | Leszczynek the Oni Warper began the quest for the Orb.
     0 | D:1      | Reached XP level 1. HP: 22/22 MP: 3/3
   181 | D:1      | Reached skill level 3 in Fighting
   202 | D:1      | Reached XP level 2. HP: 28/31 MP: 5/5
   435 | D:2      | Learned a level 2 spell: Blink
   469 | D:2      | Reached skill level 3 in Maces & Flails
   469 | D:2      | Reached XP level 3. HP: 19/37 MP: 6/6
   874 | D:3      | Reached skill level 4 in Fighting
   874 | D:3      | Reached XP level 4. HP: 45/48 MP: 7/7
   905 | D:3      | Gained mutation: You are strong-willed. (Will+) [potion of
                  | mutation]
   905 | D:3      | Gained mutation: Your mind is acute. (Int +4, Str/Dex -1)
                  | [potion of mutation]
   905 | D:3      | Gained mutation: Your spells are a little harder to cast,
                  | but a little more powerful. [potion of mutation]
   905 | D:3      | Gained mutation: Your muscles are strong. (Str +4, Int/Dex
                  | -1) [potion of mutation]
   911 | D:3      | HP: 9/48 [goblin/+0 club (2)]
   913 | D:3      | HP: 4/48 [goblin/+0 club (4)]
   917 | D:3      | a goblin and a kobold
   917 | D:3      | gg
   917 | D:3      | L O V E the rng
   917 | D:3      | just before this i killed an adder without getting hit
   917 | D:3      | SHIT HAPPENS I GUESS
   964 | D:2      | HP: 8/48 [endoplasm (3)]
  1159 | D:3      | Found a runed translucent gate.
  1159 | D:3      | Found a runed translucent gate.
  1159 | D:3      | Found a runed translucent gate.
  1163 | D:3      | Noticed Tanttac's ghost (amateur MfGl)
  1226 | D:3      | wait
  1226 | D:3      | oh okay dex-2
  1226 | D:3      | great
  1233 | D:3      | Reached skill level 4 in Maces & Flails
  1242 | D:3      | Learned a level 3 spell: Stone Arrow
  1287 | D:3      | morningstar
  1287 | D:3      | i'm going melee
  1313 | D:3      | Noticed Sigmund
  1375 | D:4      | Reached XP level 5. HP: 23/55 MP: 8/8
  1381 | D:4      | HP: 10/55 [something (2)]
  1385 | D:4      | HP: 3/55 [something/puff of flame (7)]
  1387 | D:4      | HP: 1/55 [something (1)]
  1388 | D:4      | Slain by an orc wizard

Illustrated notes ... #.....†.# #...# .. #.......##..# ## ...#.#..........##..#. #.....#.....†###..... ## #.###.##.#.##....... #.⌠ ##.⌠.##...<.# .. #.###.#.####...##... #.#.#♣#♣#g#.......# .# #.ß.# #@K)#...#.... #.###.#♣#♣#.#.......## ##.#.#.#.####o#.#..## #.⌠.###.ß.##.#......# #.#.#.#)##.#...S.#... ..#!....#.K##.###..... #........g.## .# ###. #...##.....#..### #.. #..........# Turn 917 on D:3: a goblin and a kobold

#♣#♣#.#.......##.....## ##.##
.#.####.#.#..###..#....# #..#
#.ß.##.#......#...#..#..###.#
.#)##.#.....#g......###...#†#####
..#..##.###..........(. #...†....
....##..# ###..##..##.##......[.
....#..### #..#....#...#.......
.........# ##..#.##.###)#.......
.........# #...@.##..##.########
..........>....##.###.........#
#..K....####.. ...######.....#
..♣...♣..##.. #..# #.....#
........(.#. #### #<....#
....♣.....# #.....# .> ....>.
##....# #....# #....#


Turn 1226 on D:3: wait #... ##..♣...♣..##....##..# # #.........(.#.#.###### #
#.....♣.....#)### # #..>.....>..#.# # #.....♣.....#.# #...........#.#
##..♣...♣..##.# ##.......###.# ####....@...# ########## Turn 1287 on D:3:
morningstar

Levels and vault maps discovered:
D:1:      tarquinn_simple_flora_water_a, layout_basic, serial_curves,
          eino_curves_03, eino_curves_03, eino_curves_03, eino_curves_02
D:2:      layout_loops_cross
D:3:      layout_rooms, ebering_ghost_rock_garden, grunt_ministairs_10,
          grunt_decor_mini_mirrors, uniq_sigmund
D:4:      layout_rooms, trog_hazing_becter, nrook_mini_backslash,
          nicolae_goblin_pals

Skill      XL: |  1  2  3  4 |
---------------+-------------+-----
Fighting       | 3 4 |  4.5
Maces & Flails | 3 4 |  4.3
Throwing       | |  1.0
Dodging        | |  2.1
Spellcasting   | |  2.4
Translocations | |  2.6

Action                     |  1- 3 |  4- 6 || total
---------------------------+-------+-------++-------
  Melee: Mace              |    74 |    22 ||    96
         Headbutt          |    12 |     8 ||    20
         Flail             |       |    38 ||    38
         Morningstar       |       |    21 ||    21
   Cast: Blink             |       |     1 ||     1
    Use: Potion            |       |     6 ||     6
 Armour: Robe              |    64 |    76 ||   140
  Dodge: Dodged            |    26 |    42 ||    68

Table legend: (Time is in decaauts)
 A = Elapsed time spent in this place.
 B = Non-inter-level travel time spent in this place.
 C = Inter-level travel time spent in this place.
 D = Time resting spent in this place.
 E = Time spent auto-exploring this place.
 F = Levels seen in this place.
 G = Mean time per level.
                   A        B        C        D        E       F      G
               +--------+--------+--------+--------+--------+-----+--------+
         Total |   1434 |   1321 |    113 |      0 |      0 |   4 |  358.5 |
       Dungeon |   1434 |   1321 |    113 |      0 |      0 |   4 |  358.5 |
               +--------+--------+--------+--------+--------+-----+--------+

Top non-repeatable levels by time:
     D:2: 513 daAuts
     D:1: 501 daAuts
     D:3: 368 daAuts
     D:4: 51 daAuts
